 Dungeon Crawl Stone Soup version 0.25-a0-420-g1cc7eeb0d1 (webtiles) character file.

Game seed: 12662298429085307866, levelgen mode: deterministic

0 Hasart the Vexing (level 1, 0/13 HPs)
             Began as a Vampire Enchanter on Jan 18, 2020.
             Slain by a gnoll (1 damage)
             ... on level 2 of the Dungeon.
             The game lasted 00:01:09 (112 turns).

Hasart the Vexing (Vampire Enchanter)                Turns: 112, Time: 00:01:09

Health: 0/13       AC:  2    Str:  7    XL:     1   Next: 8%
Magic:  3/3        EV: 12    Int: 17    God:
Gold:   0          SH:  0    Dex: 14    Spells: 3/4 levels left

rFire    . . .     SeeInvis +   a - +1 dagger
rCold    . . .     Gourm    .   (no shield)
rNeg     . . .     Faith    .   b - +0 robe
rPois    .         Spirit   .   (no helmet)
rElec    .         Reflect  .   (no cloak)
rCorr    .         Harm     .   (no gloves)
MR       .....                  (no boots)
Stlth    +++.......             (no amulet)
HPRegen  0.24/turn              (no ring)
MPRegen  0.08/turn              (no ring)

@: regenerating quickly
A: no food, fangs 3, see invisible, unbreathing
a: Exsanguinate


You were on level 2 of the Dungeon.
You were alive.

You visited 1 branch of the dungeon, and saw 2 of its levels.

Inventory:

Hand Weapons
 a - a +1 dagger (weapon)
Armour
 b - a +0 robe (worn)


   Skills:
 + Level 1.1 Short Blades
 + Level 2.2 Dodging
 + Level 4.4 Stealth
 - Level 2.0 Spellcasting
 + Level 4.4 Hexes


You had 3 spell levels left.
You knew the following spells:

 Your Spells              Type           Power        Failure   Level  Hunger
a - Corona                Hex            ###....      3%          1    N/A

Your spell library contained the following spells:

 Spells                   Type           Power        Failure   Level  Hunger
 Confusing Touch          Hex            ###.....     10%         3    N/A
 Tukima's Dance           Hex            ###.....     10%         3    N/A
 Ensorcelled Hibernation  Hex/Ice        #.....       12%         2    N/A
 Dazzling Flash           Conj/Hex       #.....       24%         3    N/A

Dungeon Overview and Level Annotations

Branches:
Dungeon (2/15)

Altars:


Innate Abilities, Weirdness & Mutations

You do not eat.
Your natural rate of healing is unusually fast.
You have razor-sharp teeth.
You have supernaturally acute eyesight. (SInv)
You can survive without breathing.


Message History

You hit the gnoll.
The gnoll is lightly wounded.
The gnoll barely misses you. The frilled lizard bites you.
You barely miss the gnoll.
The gnoll is lightly wounded.
The gnoll hits you!
Ouch! That really hurt!
The frilled lizard misses you.
You hit the gnoll but do no damage. You bite the gnoll, but do no damage.
The gnoll is lightly wounded.
The gnoll misses you. The frilled lizard closely misses you.
You hit the gnoll.
The gnoll is moderately wounded.
The gnoll hits you.
* * * LOW HITPOINT WARNING * * *
The frilled lizard barely misses you.
You closely miss the gnoll.
The gnoll is moderately wounded.
The gnoll hits you.
You die...

#.###.##
#.##.###.#
##+#####
#........# #...##
####.##### .....##
# #.# ......##
##.##.#
.......####.....##
.......+.........#
.......##.#....#l#
......## ##.#.#@#
.....## ###.#g#
#...## ..#g# ##+##
.##g# #g #g# ..
..# ###


You could see 4 gnolls and a frilled lizard.

Vanquished Creatures
  A goblin (D:2)
1 creature vanquished.

Notes
Turn   | Place    | Note
-------+----------+-------------------------------------------
     0 | D:1      | Hasart the Vampire Enchanter began the quest for the Orb.
     0 | D:1      | Reached XP level 1. HP: 13/13 MP: 3/3
     0 | D:1      | Noticed a merfolk zombie
     0 | D:1      | Noticed an elf
     1 | D:1      | Noticed a troll
     3 | D:1      | Noticed a minotaur skeleton
     5 | D:1      | Noticed a centaur
     6 | D:1      | Noticed a merfolk zombie
     7 | D:1      | Noticed a naga
    10 | D:1      | Noticed a minotaur skeleton
    12 | D:1      | Noticed a naga
    16 | D:1      | Noticed a minotaur zombie
    18 | D:1      | Noticed a vine stalker
    18 | D:1      | Noticed a draconian
   112 | D:2      | Slain by a gnoll

Levels and vault maps discovered:
D:1:      shiori_arrival_whats_in_store_for_you, layout_rooms,
          chequers_decorated_corner
D:2:      layout_loops_corners, gammafunk_temple_overflow_forgotten,
          kiku_gazebo_pond_becter, grunt_decor_mini_mirrors,
          chequers_serial_rivers_small_b

Action                   || total
-------------------------++-------
Melee: Dagger            ||    12
       Bite              ||     2
Dodge: Dodged            ||    10

Table legend:
 A = Non-vault XP
 B = Vault XP
 C = Vault XP percentage of total XP
 D = Non-vault monster count
 E = Vault monster count
 F = Vault count percentage of total count
                 A         B        C        D         E       F
            +---------+---------+-------+---------+---------+-------
      Total |       1 |       0 |   0.0 |       1 |       0 |   0.0
            +---------+---------+-------+---------+---------+-------
        D:2 |       1 |       0 |   0.0 |       1 |       0 |   0.0
            +---------+---------+-------+---------+---------+-------
